 Dungeon Crawl Stone Soup version 0.28.0-43-g3370ac3207 (webtiles) character file.

Game seed: 16068790070625673070

635 weregamer the Changer (level 7, -2/61 HPs)
             Began as a Naga Transmuter on Apr 1, 2022.
             Slain by a black bear (7 damage)
             ... on level 5 of the Dungeon.
             The game lasted 00:22:48 (5129 turns).

weregamer the Changer (Naga Transmuter)             Turns: 5129, Time: 00:22:49

Health: -2/61      AC:  6    Str: 13    XL:     7   Next: 50%
Magic:  9/10       EV:  7    Int: 15    God:
Gold:   206        SH:  0    Dex: 11    Spells: 0/10 levels left

rFire   . . .      SeeInvis +     - Unarmed
rCold   . . .      Faith    .   (no shield)
rNeg    . . .      Spirit   .   f - +0 scale mail
rPois   +          Reflect  .   (helmet currently unavailable)
rElec   .          Harm     .   (no cloak)
rCorr   .          Rampage  .   (no gloves)
Will    .....                   (no barding)
Stlth   +.........              (no amulet)
HPRegen 0.20/turn               d - ring of flight
MPRegen 0.12/turn               j - +4 ring of slaying

@: appendages, flying, very slow
A: horns 2, AC +2, large, see invisible, deformed body, poison resistance,
slowness 2, spit poison 1, naga tail 1
a: Spit Poison, End Transformation


You were on level 5 of the Dungeon.
You had temporarily grown beastly horns.
You visited 1 branch of the dungeon, and saw 5 of its levels.

You collected 206 gold pieces.

Inventory:

Missiles
 c - a throwing net
Armour
 a - a +0 robe
 e - a +0 ring mail
 f - a +0 scale mail (worn)
 l - a +0 ring mail
 n - a +0 scale mail
Jewellery
 d - a ring of flight (left hand)
 j - a +4 ring of slaying (right hand)
Wands
 r - a wand of flame (24)
Scrolls
 m - 2 scrolls of magic mapping
 o - 4 scrolls of teleportation
 q - a scroll of amnesia {unknown}
 u - a scroll of noise {unknown}
Potions
 b - a potion of invisibility {unknown}
 g - a potion of flight {unknown}
 h - 2 potions of brilliance {unknown}
 i - 3 potions of curing {unknown}
 k - a potion of ambrosia {unknown}
 p - 3 potions of lignification {unknown}
 s - a potion of heal wounds {unknown}
 t - a potion of magic {unknown}


   Skills:
 * Level 2.5 Fighting
 * Level 3.2 Armour
 * Level 2.1 Dodging
 * Level 3.9 Stealth
 + Level 4.3 Unarmed Combat
 - Level 2.0 Spellcasting
 * Level 4.4 Transmutations


You couldn't memorise any spells.
You knew the following spells:

 Your Spells              Type           Power      Damage    Failure   Level
a - Beastly Appendage     Tmut           28%        N/A       17%         1
b - Wereblood             Tmut           14%        N/A       26%         2
c - Spider Form           Tmut/Pois      8%         N/A       77%         3
d - Ice Form              Ice/Tmut       8%         N/A       99%         4

Your spell library contained the following spells:

 Spells                   Type           Power      Damage    Failure   Level


Dungeon Overview and Level Annotations

Branches:
Dungeon (5/15)
 Temple: D:4-7

Altars:
Uskayaw
Wu Jian

Shops:
D:4 :


Innate Abilities, Weirdness & Mutations

You have temporarily grown beastly horns.
Your serpentine skin is tough. (AC +2)
You have supernaturally acute eyesight. (SInv)
Armour fits poorly on your strangely shaped body.
Your system is resistant to poisons. (rPois)
You cover ground very slowly.
You can spit poison.
You have a snake-like lower body.


Message History

The centaur wields a +0 shortbow.
The centaur shoots an arrow.
The arrow hits you.
The centaur shoots an arrow.
The arrow hits you!
A gnoll comes into view. It is wielding a +0 whip.
The black bear bites you but does no damage.
The black bear claws you but does no damage. x2
The centaur shoots an arrow.
The arrow hits you.
The centaur shoots an arrow.
The arrow hits you!
* * * LOW HITPOINT WARNING * * *
The orc hits you but does no damage.
You hear a shout!
Your transformation is almost over.
The black bear bites you but does no damage.
The black bear claws you.
* * * LOW HITPOINT WARNING * * *
The black bear claws you.
* * * LOW HITPOINT WARNING * * *
The orc hits you but does no damage.
The centaur shoots an arrow.
The arrow hits you.
* * * LOW HITPOINT WARNING * * *
The orc hits you with a +0 short sword.
* * * LOW HITPOINT WARNING * * *
You are too injured to fight recklessly!
You are too injured to fight recklessly!
You barely miss the orc. You headbutt the orc.
The orc is lightly wounded.
The orc hits you with a +0 short sword.
* * * LOW HITPOINT WARNING * * *
You hit the orc.
You kill the orc!
Your horns disappear.
The centaur shoots an arrow.
The arrow barely misses you.
You hit the black bear.
The black bear is lightly wounded.
The black bear bites you.
* * * LOW HITPOINT WARNING * * *
The black bear claws you but does no damage. x2
Casting: Beastly Appendage (safe; 17% risk of failure)
Confirm with . or Enter, or press ? or * to list all spells.
You grow a pair of large bovine horns.
The black bear bites you!
You die...

#. ### #... #..
#...# #.# #...# #.#
#...# #@#
######..[#####h#
......?......gc#
..........g#.#......
?.......g..._..#.##.
.###..<####.#.....
#...# #...#....
#...# #####.## #...#
#


You could see a black bear, a centaur and a gnoll.

Vanquished Creatures
  Grinder (D:4)
  A necrophage (D:4)
  An ogre (D:4)
  A lemure (D:4)
  An orc priest (D:4)
  A hound (D:3)
  A bullfrog skeleton (D:3)
  Natasha (twice) (D:4)
  5 adders
  A river rat (D:3)
  A worm (D:2)
  A dart slug (D:1)
  3 orcs
  7 ball pythons
  7 endoplasms
  6 giant cockroaches
  10 goblins
  6 hobgoblins
  4 jackals (D:2)
  3 quokkas
  2 bats (D:1)
  4 frilled lizards
  5 kobolds
  12 rats
86 creatures vanquished.

Notes
Turn   | Place    | Note
-------+----------+-------------------------------------------
     0 | D:1      | weregamer the Naga Transmuter began the quest for the Orb.
     0 | D:1      | Reached XP level 1. HP: 18/18 MP: 3/3
   139 | D:1      | Reached XP level 2. HP: 24/25 MP: 3/5
   140 | D:1      | Reached skill level 1 in Stealth
   838 | D:1      | Reached XP level 3. HP: 28/31 MP: 3/6
  1578 | D:2      | Reached skill level 1 in Armour
  1723 | D:2      | Learned a level 2 spell: Wereblood
  1875 | D:2      | Reached XP level 4. HP: 36/38 MP: 5/7
  2175 | D:2      | Found a faded altar of an unknown god.
  2732 | D:3      | Found a glowing drain.
  2989 | D:3      | Reached XP level 5. HP: 43/45 MP: 6/8
  3595 | D:4      | Noticed a lemure
  3610 | D:4      | Killed a lemure
  3733 | D:4      | Noticed an ogre
  3740 | D:4      | Killed an ogre
  3741 | D:4      | Reached XP level 6. HP: 31/52 MP: 7/9
  4000 | D:4      | Found Lausa's Book Emporium.
  4003 | D:4      | Noticed a necrophage
  4012 | D:4      | Killed a necrophage
  4017 | D:4      | Learned a level 3 spell: Spider Form
  4439 | D:4      | Noticed Grinder
  4454 | D:4      | Killed Grinder
  4455 | D:4      | Reached XP level 7. HP: 33/61 MP: 10/10
  4601 | D:4      | Learned a level 4 spell: Ice Form
  4606 | D:4      | Found a hide-covered altar of Uskayaw.
  4903 | D:4      | Noticed Natasha
  4909 | D:4      | Killed Natasha
  4988 | D:4      | Noticed Natasha
  4999 | D:4      | Killed Natasha
  5112 | D:5      | Entered Level 5 of the Dungeon
  5112 | D:5      | Found an ornate altar of the Wu Jian Council.
  5129 | D:5      | Slain by a black bear

Illustrated notes

Levels and vault maps discovered:
D:1:      dpeg_arrival_tiny_g, layout_basic, serial_curves, eino_curves_02,
          eino_curves_04, chequers_serial_rivers_marsh,
          minmay_misc_feat_ornament, nrook_mini_backslash
D:2:      layout_basic, hellmonk_ecumenical_altar_inner_sanctum
D:3:      layout_loops_corners, portal_sewer_entry_e
D:4:      layout_basic, mainiacjoe_overflow_paths, serial_shops, shop,
          palyth_stone_intersect, minmay_cut_off, uniq_natasha, uniq_pikel,
          uniq_grinder
D:5:      layout_loops_cross, lemuel_crystal_altar

Skill      XL: |  1  2  3  4  5  6 |
---------------+-------------------+-----
Stealth        | 1 2 3 |  3.9
Armour         | 1 2 3 |  3.2
Transmutations | 3 4 |  4.4
Fighting       | 2 |  2.5
Dodging        | 2 |  2.1
Unarmed Combat | 4 |  4.3
Spellcasting   | |  2.0

Action                   |  1- 3 |  4- 6 |  7- 9 || total
-------------------------+-------+-------+-------++-------
Melee: Unarmed           |    69 |    78 |    32 ||   179
       Headbutt          |    12 |    14 |     2 ||    28
       Punch             |     2 |     2 |     2 ||     6
 Cast: Beastly Appendage |    31 |    22 |     9 ||    62
 Abil: Spit Poison       |    24 |    17 |     1 ||    42
  Use: Scroll            |     2 |     1 |       ||     3
Armor: Scale mail        |    27 |    24 |    23 ||    74
       Robe              |     1 |       |       ||     1
       Ring mail         |     1 |       |       ||     1
Dodge: Dodged            |    23 |    29 |    14 ||    66
